AoeStats
← ste88ganna

Arena

509168367Analyzed
1v1 RM · 8d ago on Sep 25, 2026· 30m 53s· 2 players
Game mode
Random Map
Map size
Tiny (2 player)
Population
200
Speed
Normal
Resources
Standard
Victory
Conquest
Starting age
Dark Age
Ending age
Imperial Age
RankedLock teamsTeams togetherTeam positionsShared explorationLock speedFull tech treeHidden civsTurbo modeCheats
Victory
Defeat
🇵🇪 Bulgarians · Peru
670
+15
🇮🇹 Lithuanians · Italy
647
-15
ste88ganna
12:38 Feudal Age
12:26 Loom
13:48 Double-Bit Axe
21:58 Castle Age
20:14 Horse Collar
21:40 Gold Mining
22:04 Crossbowman
23:04 Elite Skirmisher
27:01 Wheelbarrow
29:13 Bow Saw
30:31 Stone Mining
jeinsgon
0:40 Loom
13:20 Feudal Age
20:20 Castle Age
20:31 Double-Bit Axe
20:26 Horse Collar
Connection lost

Rejoining the realm…

Still unreachable

The connection could not be restored.

Session expired

The server has moved on; the page needs a fresh start.